 Dungeon Crawl Stone Soup version 0.31-a0-1522-g43313d8a59 (webtiles) character file.

Game seed: 8710525955260891154

166 AstroCodex24 the Chopper (level 5, 0/41 HPs)
             Began as a Vampire Fighter on Dec 31, 2023.
             Slain by wally255's ghost (7 damage)
             ... on level 3 of the Dungeon.
             The game lasted 00:05:33 (1297 turns).

AstroCodex24 the Chopper (Vampire Fighter)          Turns: 1297, Time: 00:05:35

Health: 0/41       AC:  7    Str: 17    XL:     5   Next: 22%
Magic:  5/5        EV:  8    Int: 11    God:
Gold:   98         SH: 10    Dex: 19    Spells: 4/4 levels left

rFire   . . .        a - +0 war axe
rCold   . . .        m - +0 kite shield
rNeg    . . .        b - +0 scale mail
rPois   .            (no helmet)
rElec   .            (no cloak)
rCorr   .            (no gloves)
SInv    +            k - +0 pair of boots
Will    .....        (no amulet)
Stlth   +            p - +6 ring of dexterity
HPRegen 0.46/turn    (no ring)
MPRegen 0.09/turn

%: no passive effects
@: healing quickly
A: alive, fangs 3, see invisible, vampiric 2
a: Exsanguinate


You were on level 3 of the Dungeon.
You visited 1 branch of the dungeon, and saw 4 of its levels.

You collected 98 gold pieces.

Inventory:

Hand Weapons
 a - a +0 war axe (weapon)
 n - a +0 executioner's axe
Armour
 b - a +0 scale mail (worn)
 k - a +0 pair of boots (worn)
 m - a +0 kite shield (worn)
Jewellery
 p - a +6 ring of dexterity (left hand)
Scrolls
 e - a scroll of fog {unknown}
 g - 4 scrolls of identify {unknown}
 h - a scroll of summoning {unknown}
 i - 2 scrolls of blinking {unknown}
 j - a scroll of acquirement {unknown}
Potions
 c - 3 potions of lignification {unknown}
 d - a potion of might
 f - a potion of resistance {unknown}
 l - 2 potions of haste
 o - a potion of heal wounds


   Skills:
 + Level 3.2 Fighting
 + Level 3.4 Axes
 + Level 2.9 Armour
 + Level 1.1 Dodging
 + Level 1.1 Stealth
 + Level 3.3 Shields


You had 4 spell levels left.
You didn't know any spells.
Your spell library contained the following spells:

 Spells                   Type           Power      Damage    Failure   Level
 Foxfire                  Conj/Fire      0%         2x1d4     97%         1
 Plasma Beam              Fire/Air       0%         2x1d10    100%        6
 Starburst                Conj/Fire      0%         6d3       100%        6


Dungeon Overview and Level Annotations

Branches:
Dungeon (4/15)
 Temple: D:4-7

Altars:

Annotations:
D:3 wally255's ghost, amateur DrFi


Innate Abilities, Weirdness & Mutations

Your natural rate of healing is accelerated.
You have razor-sharp teeth.
You have supernaturally acute eyesight. (SInv)
You are afflicted with vampirism and can become a bat while bloodless.


Message History

The ribbon worm expels a string of sticky webbing.
The stream of webbing hits you but does no damage.
You are caught in a web!
There is a web here.
The web tears apart.
The ribbon worm bites you but does no damage.
You hit the ribbon worm.
The ribbon worm is lightly wounded.
The ribbon worm bites you but does no damage.
You slash the ribbon worm! You bite the ribbon worm.
The ribbon worm is heavily wounded.
The ribbon worm barely misses you.
You slash the ribbon worm!
You kill the ribbon worm!
You see here a ribbon worm corpse.
You see here a +0 dagger.
You see here a +0 dagger.
You see here a ribbon worm corpse.
You open the gate. You closely miss wally255's ghost.
Wally255's ghost hits you!
Wally255's ghost says, "You will join me soon!"
You block wally255's ghost's attack.
You hit wally255's ghost.
Wally255's ghost is lightly damaged.
You block wally255's ghost's attack.
You hit wally255's ghost but do no damage.
Wally255's ghost is lightly damaged.
Wally255's ghost hits you! x2
You hit wally255's ghost but do no damage.
Wally255's ghost is lightly damaged.
Wally255's ghost hits you!
* * * LOW HITPOINT WARNING * * *
You hit wally255's ghost.
You bite wally255's ghost, but do no damage.
Wally255's ghost is lightly damaged.
Wally255's ghost hits you.
* * * LOW HITPOINT WARNING * * *
Wally255's ghost wails, "I have seen your future, and it is all used up."
Wally255's ghost hits you!
You die...

....#############....†#########
#...'...........)............>#
#...#############.....#######.#
#...##### ####.(####### #.#
........####.....#.....# #.#
)#.##............#(...(# ##.# #
...# ............'..(..# #..#<#
#### ...........'....(# #..#.#
..........@W.8...# #....#
..........#[..(.# #..###
#.....##..#(..(.# #..# #.....
#..####### #.†#
#.....##..†...).#####..# ##
#..........[+......#
##..........#####..#
##..######## #..# #...######
#..#


You could see wally255's ghost.

Vanquished Creatures
  A bombardier beetle (D:3)
  3 gnolls (D:3)
  6 adders (D:3)
  A ribbon worm (D:3)
  An orc (D:3)
  A ball python (D:3)
  9 bats
  4 endoplasms
  3 giant cockroaches
  5 goblins
  3 hobgoblins (D:1)
  2 jackals (D:3)
  3 quokkas
  4 frilled lizards
  3 kobolds (D:3)
  2 rats
51 creatures vanquished.

Notes
Turn   | Place    | Note
-------+----------+-------------------------------------------
     0 | D:1      | AstroCodex24 the Vampire Fighter began the quest for the
                  | Orb.
     0 | D:1      | Reached XP level 1. HP: 17/17 MP: 1/1
   164 | D:1      | Reached XP level 2. HP: 19/23 MP: 2/2
   500 | D:3      | Gained mutation: You are afflicted with vampirism and can
                  | become a bat while bloodless. [Vampire growth]
   500 | D:3      | Reached XP level 3. HP: 22/29 MP: 3/3
   705 | D:3      | Reached XP level 4. HP: 23/35 MP: 4/4
   897 | D:3      | Reached skill level 1 in Dodging
   899 | D:3      | HP: 1/35 [burnt (6)]
  1093 | D:3      | Reached XP level 5. HP: 41/41 MP: 5/5
  1096 | D:3      | Reached skill level 1 in Stealth
  1257 | D:3      | Found a runed translucent gate.
  1258 | D:3      | Found a runed translucent gate.
  1259 | D:3      | Found a runed translucent gate.
  1261 | D:3      | Noticed wally255's ghost (amateur DrFi)
  1297 | D:3      | Slain by wally255's ghost

Illustrated notes

Levels and vault maps discovered:
D:1:      ncdulo_halloftheorcs, layout_basic, serial_bayou,
          serial_bayou_crossing, serial_bayou_ford_a, serial_bayou_shore_b,
          serial_bayou_pond_c
D:2:      layout_rooms, eino_curves_04, chequers_big_river,
          kennysheep_flooded_box, hangedman_decor_clover_reticule
D:3:      layout_basic, ebering_ghost_rock_garden, minmay_joined_circles
D:4:      layout_cave_pools, dk_noncrumbling_2, solitary_fountain,
          minmay_misc_feat_secret_circle, uniq_eustachio

Skill      XL: |  1  2  3  4  5 |
---------------+----------------+-----
Fighting       | 3 |  3.2
Axes           | 2 3 |  3.4
Shields        | 3 |  3.3
Dodging        | 1 |  1.1
Stealth        | 1 |  1.1
Armour         | |  2.9

Action                     |  1- 3 |  4- 6 || total
---------------------------+-------+-------++-------
  Melee: War axe           |   135 |    45 ||   180
         Bite              |     9 |     5 ||    14
    Use: Potion            |     2 |       ||     2
 Armour: Scale mail        |   139 |    42 ||   181
  Dodge: Dodged            |    87 |    14 ||   101
  Block: Buckler           |    27 |       ||    27
         Kite shield       |    45 |    27 ||    72

Table legend: (Time is in decaauts)
 A = Elapsed time spent in this place.
 B = Non-inter-level travel time spent in this place.
 C = Inter-level travel time spent in this place.
 D = Time resting spent in this place.
 E = Time spent auto-exploring this place.
 F = Levels seen in this place.
 G = Mean time per level.
                   A        B        C        D        E       F      G
               +--------+--------+--------+--------+--------+-----+--------+
         Total |   1371 |   1368 |      3 |      0 |      0 |   4 |  342.8 |
       Dungeon |   1371 |   1368 |      3 |      0 |      0 |   4 |  342.8 |
               +--------+--------+--------+--------+--------+-----+--------+

Top non-repeatable levels by time:
     D:3: 852 daAuts
     D:1: 422 daAuts
     D:2: 95 daAuts
     D:4: 1 daAuts
